AoeStats
← 柠檬头的喜悦

African Clearing

510404521Analyzed
4v4 RM · 18h ago on Sep 30, 2026· 52m 40s· 8 players
Game mode
Random Map
Map size
Large (8 player)
Population
200
Speed
Normal
Resources
Standard
Victory
Conquest
Starting age
Dark Age
Ending age
Imperial Age
RankedLock teamsTeams togetherTeam positionsShared explorationLock speedFull tech treeHidden civsTurbo modeCheats
Victory
Defeat
🇨🇳 Khitans · China
1623
+11
🇨🇳 Turks · China
1552
+14
🇨🇳 Chinese · China
1482
+17
🇨🇳 Spanish · China
1397
+19
🇦🇷 Georgians · Argentina
1522
-16
🇨🇦 Slavs · Canada
1513
-16
🇵🇱 Bulgarians · Poland
1506
-16
🇬🇧 Saxons · United Kingdom
1453
-13
LordCow
3:16 Loom
12:44 Feudal Age
17:55 Castle Age
17:40 Scale Barding Armor
20:40 Pikeman
26:45 Double-Bit Axe
27:11 Fletching
33:43 Bodkin Arrow
36:00 Ballistics
38:31 Bow Saw
40:38 Guard Tower
42:06 Wheelbarrow
42:49 Town Watch
47:40 Imperial Age
46:49 Squires
47:48 Masonry
48:25 Chain Barding Armor
48:46 Hand Cart
49:41 Two-Man Saw
48:02 Halberdier
49:40 Conscription
50:19 Scale Mail Armor
wagwan_son
11:09 Loom
13:14 Feudal Age
14:45 Double-Bit Axe
16:43 Fletching
20:27 Castle Age
18:45 Padded Archer Armor
21:43 Crossbowman
23:04 Pikeman
30:42 Bow Saw
30:16 Horse Collar
30:39 Scale Mail Armor
30:49 Forging
36:39 Gold Mining
38:28 Ballistics
41:53 Imperial Age
39:47 Bodkin Arrow
41:18 Leather Archer Armor
41:58 Masonry
42:54 Bracer
45:07 Ring Archer Armor
44:45 Thumb Ring
45:27 Arbalester
48:31 Chemistry
Konigs
4:40 Loom
14:03 Feudal Age
14:08 Feudal Age
16:16 Double-Bit Axe
18:54 Castle Age
17:08 Horse Collar
19:56 Bow Saw
20:04 Heavy Plow
24:45 Fletching
24:50 Pikeman
29:30 Town Watch
30:10 Ballistics
30:41 Scale Mail Armor
34:36 Stone Mining
35:27 Bodkin Arrow
35:48 Svan Towers
37:15 Squires
40:35 Imperial Age
39:27 Scale Barding Armor
40:31 Wheelbarrow
40:18 Chain Barding Armor
40:08 Forging
40:29 Husbandry
40:39 Bloodlines
40:53 Guard Tower
41:49 Conscription
42:38 Plate Barding Armor
43:12 Halberdier
44:13 Bracer
44:27 Arson
44:56 Bloodlines
45:22 Iron Casting
45:53 Chemistry
46:01 Hand Cart
46:19 Chain Mail Armor
47:35 Plate Mail Armor
48:05 Blast Furnace
50:25 Padded Archer Armor
51:25 Blast Furnace
50:14 Elite Skirmisher
50:15 Elite Monaspa
51:33 Leather Archer Armor
Gasior
13:39 Feudal Age
12:29 Loom
17:46 Castle Age
15:34 Double-Bit Axe
15:31 Horse Collar
17:02 Wheelbarrow
19:11 Bow Saw
19:03 Heavy Plow
28:37 Gold Mining
30:35 Stone Mining
31:20 Gold Shaft Mining
30:51 Husbandry
31:02 Bloodlines
33:53 Imperial Age
32:45 Stone Shaft Mining
32:33 Scale Barding Armor
32:38 Forging
32:49 Scale Mail Armor
32:49 Stirrups
34:57 Chain Barding Armor
35:15 Conscription
34:54 Fletching
35:26 Ballistics
36:07 Chemistry
36:49 Plate Barding Armor
36:49 Iron Casting
36:22 Bodkin Arrow
38:01 Hand Cart
38:49 Blast Furnace
38:09 Bracer
39:17 Chain Mail Armor
38:32 Light Cavalry
38:49 Pikeman
39:15 Gambesons
40:03 Padded Archer Armor
39:53 Elite Skirmisher
40:39 Thumb Ring
41:17 Leather Archer Armor
41:04 Heavy Cavalry Archer
42:27 Hussar
44:47 Plate Mail Armor
45:09 Parthian Tactics
48:12 Elite Skirmisher
49:18 Halberdier
49:58 Squires
51:22 Cavalier
柠檬头的喜悦
11:41 Loom
14:16 Feudal Age
15:29 Double-Bit Axe
18:11 Castle Age
16:35 Bloodlines
16:57 Horse Collar
17:30 Scale Barding Armor
19:56 Town Watch
20:20 Husbandry
25:15 Forging
28:17 Chain Barding Armor
35:21 Heavy Plow
36:31 Wheelbarrow
36:55 Bow Saw
40:10 Imperial Age
38:07 Gold Mining
38:26 Fletching
39:29 Gold Shaft Mining
39:41 Ballistics
39:49 Stone Mining
40:51 Iron Casting
40:12 Bodkin Arrow
40:17 Padded Archer Armor
41:45 Plate Barding Armor
41:36 Hand Cart
41:55 Conscription
49:18 Two-Man Saw
49:00 Town Patrol
50:55 Blast Furnace
51:16 Bracer
51:32 Leather Archer Armor
52:14 Artillery
52:37 Sipahi
52:58 Parthian Tactics
51:53 Heavy Cavalry Archer
53:22 Thumb Ring
乐邦
6:13 Loom
14:09 Feudal Age
18:39 Castle Age
17:26 Double-Bit Axe
18:03 Horse Collar
19:58 Bow Saw
25:26 Scale Mail Armor
25:29 Padded Archer Armor
30:25 Bloodlines
31:02 Wheelbarrow
30:41 Husbandry
33:56 Hand Cart
36:43 Imperial Age
35:38 Scale Barding Armor
35:43 Forging
36:14 Gold Mining
36:14 Stone Mining
37:02 Leather Archer Armor
37:09 Chain Barding Armor
38:16 Conscription
38:35 Ring Archer Armor
38:42 Iron Casting
39:36 Stone Shaft Mining
38:23 Elite Conquistador
40:09 Light Cavalry
40:21 Cavalier
41:19 Heavy Plow
42:04 Plate Barding Armor
42:30 Blast Furnace
42:03 Fletching
42:18 Town Watch
42:05 Paladin
45:01 Coinage
48:37 Supremacy
50:50 Town Patrol
Daily
11:59 Feudal Age
13:36 Loom
14:12 Forging
16:04 Scale Barding Armor
25:36 Castle Age
26:01 Light Cavalry
27:40 Chain Barding Armor
30:30 Iron Casting
35:52 Wheelbarrow
35:07 Town Watch
93老玩家回归
3:11 Loom
11:55 Feudal Age
14:01 Double-Bit Axe
17:34 Castle Age
16:17 Gold Mining
16:28 Fletching
17:16 Padded Archer Armor
25:41 Wheelbarrow
25:44 Crossbowman
29:03 Thumb Ring
29:40 Bodkin Arrow
34:38 Imperial Age
32:40 Ballistics
33:00 Hand Cart
33:29 Gold Shaft Mining
33:01 Town Watch
33:34 Horse Collar
34:25 Heavy Plow
34:59 Leather Archer Armor
34:55 Elite Fire Lancer
35:21 Arson
35:42 Bracer
36:12 Ring Archer Armor
35:43 Scale Mail Armor
35:53 Forging
36:47 Chemistry
36:08 Ballistics
36:39 Bow Saw
37:20 Conscription
37:55 Squires
39:32 Bombard Tower
39:28 Chain Mail Armor
39:49 Iron Casting
40:45 Stone Mining
40:51 Elite Chu Ko Nu
41:15 Pikeman
42:54 Plate Mail Armor
43:24 Blast Furnace
43:47 Masonry
46:00 Murder Holes
46:35 Architecture
48:01 Stone Shaft Mining
49:34 Halberdier
51:38 Two-Man Saw
52:39 Bloodlines
52:29 Husbandry
Connection lost

Rejoining the realm…

Still unreachable

The connection could not be restored.

Session expired

The server has moved on; the page needs a fresh start.